 Dungeon Crawl Stone Soup version bcrawl-1.23.3 (webtiles) character file.

Game seed: 13877148715867162135

4718 Morbidden the Thaumaturge (level 10, -3/97 HPs)
             Began as a White Draconian Conjurer on June 3, 2020.
             Was a Believer of Vehumet.
             Slain by a troll (12 damage)
             ... on level 8 of the Dungeon.
             The game lasted 00:23:23 (8790 turns).

Morbidden the Thaumaturge (DrCj)                    Turns: 8790, Time: 00:23:23

Health: -3/97      AC:  7    Str: 11      XL:     10   Next: 22%
Magic:  15/22      EV: 11    Int: 17 (18) God:    Vehumet [**....]
Gold:   582        SH:  0    Dex: 12      Spells: 16/25 levels left

rFire    x . .     SeeInvis .     - Unarmed
rCold    + + +     Gourm    .   (shield currently unavailable)
rNeg     . . .     Faith    .   (armour unavailable)
rPois    +         Spirit   .   (helmet currently unavailable)
rElec    .         Reflect  .   (cloak currently unavailable)
rCorr    .         Harm     .   (gloves currently unavailable)
MR       ++...                  (boots currently unavailable)
Stlth    ++........             (no amulet)
HPRegen  0.26/turn              n - ring of poison resistance
MPRegen  0.18/turn              (no ring)

@: ice-form, very slightly contaminated
A: large, (breathe frost), unfitting armour, AC +7
a: End Transformation, Renounce Religion


You were on level 8 of the Dungeon.
You worshipped Vehumet.
Vehumet was pleased with you.
You were very hungry.
You were a creature of crystalline ice.
You visited 1 branch of the dungeon, and saw 8 of its levels.

You collected 582 gold pieces.

Inventory:

Armour
 s - a +0 pair of gloves (melded)
Jewellery
 n - a ring of poison resistance (left front paw)
Wands
 f - a wand of acid (6)
Scrolls
 a - 3 scrolls of amnesia
 d - 2 scrolls of enchant armour {unknown}
 g - 3 scrolls of remove curse
 h - a scroll of immolation {unknown}
 i - 2 scrolls of fog {unknown}
 k - 10 scrolls of identify {unknown}
 l - 4 scrolls of teleportation {unknown}
 o - 3 scrolls of blinking {unknown}
 r - 5 scrolls of enchant weapon {unknown}
 t - a scroll of noise {unknown}
Potions
 b - a potion of magic
 c - 2 potions of brilliance
 j - a potion of ambrosia {unknown}
 q - a potion of flight
Comestibles
 e - 8 rations {!d}


   Skills:
 * Level 5.5 Fighting
 * Level 4.5 Dodging
 + Level 2.6 Stealth
 + Level 5.3 Unarmed Combat
 * Level 8.0 Spellcasting
 + Level 7.1 Conjurations
 * Level 4.2 Transmutations
 + Level 4.7 Ice Magic


You had 16 spell levels left.
You knew the following spells:

 Your Spells              Type           Power        Failure   Level  Hunger
a - Magic Dart            Conj           ####         1%          1    None
b - Iskenderun's Mystic   Conj           ####....     1%          3    #......
c - Ice Form              Ice/Tmut       ###.....     16%         4    ###....
d - Freeze                Ice            ###...       1%          1    None

Your spell library contained the following spells:

 Spells                   Type           Power        Failure   Level  Hunger
 Beastly Appendage        Tmut           ###...       1%          1    None
 Searing Ray              Conj           ####....     1%          2    None
 Sticks to Snakes         Tmut           ###.....     2%          2    None
 Fulminant Prism          Conj/Hex       ###.......   7%          4    ###....
 Irradiate                Conj/Tmut      ####......   8%          5    #####..
 Spider Form              Tmut/Pois      ##.          13%         3    #......
 Blade Hands              Tmut           ###.......   45%         5    #####..


Dungeon Overview and Level Annotations

Branches:
Dungeon (8/12)             Temple (0/1) D:7            Lair (0/6) D:7
    Orc: D:8-11

Altars:
Cheibriados
Dithmenos
Elyvilon
Gozag
Hepliaklqana
Lugonu
Makhleb
Nemelex Xobeh
Ru
Sif Muna
Vehumet
Zin
The Shining One

Shops:
D:5 }


Innate Abilities, Weirdness & Mutations

((You can breathe waves of freezing cold.))
((You can buffet flying creatures when you breathe cold.))
((Your icy white scales are hard. (AC +7)))
You cannot fit into any form of body armour.
((Your flesh is cold resistant. (rC+)))
((You are cold-blooded and may be slowed by cold attacks.))


Message History

The troll is moderately wounded.
The troll barely misses you. x2; The troll claws you!
You hit the troll. You freeze the troll.
The troll is moderately wounded.
The troll bites you!
* * * LOW HITPOINT WARNING * * *
The troll barely misses you. The troll claws you.
* * * LOW HITPOINT WARNING * * *
You barely miss the troll.
The troll is moderately wounded.
The troll bites you but does no damage. The troll claws you.
* * * LOW HITPOINT WARNING * * *
The troll claws you.
* * * LOW HITPOINT WARNING * * *
You hit the troll. You freeze the troll.
The troll is moderately wounded.
The troll bites you but does no damage. The troll claws you.
* * * LOW HITPOINT WARNING * * *
The troll claws you!
You die...

.... #..
#.. #..
#.# #.#
#.#######
#YT....>#
#..#.##.#
#....
#....$.
##.####.#
.# # ..
##


You could see a troll.

Vanquished Creatures
  A two-headed ogre (D:7)
  Prince Ribbit (D:7)
  2 hippogriffs (D:7)
  Sigmund (D:4)
  A shadow (D:7)
  Eustachio (D:6)
  A steam dragon (D:6)
  Menkaure (D:4)
  An orc warrior (D:7)
  3 ice beasts
  3 sky beasts
  4 ogres
  A phantom (D:6)
  2 centaurs
  2 bullfrogs (D:6)
  A gnoll sergeant (D:7)
  A scorpion (D:7)
  6 killer bees
  2 howler monkeys
  A bullfrog zombie (D:5)
  5 crimson imps
  An orc priest (D:3)
  2 hounds
  A centaur skeleton (D:7)
  A bullfrog skeleton (D:4)
  5 orc wizards
  6 worker ants
  3 hound skeletons
  A mummy (D:6)
  11 adders
  11 gnolls
  2 oozes
  4 worms
  3 dart slugs
  6 leopard geckos
  19 orcs
  7 bats
  3 giant cockroaches
  2 goblins
  6 hobgoblins
  6 jackals
  3 quokkas
  2 ball pythons
  3 frilled lizards
  3 hobgoblin zombies (D:6)
  5 kobolds
  A kobold zombie (D:6)
  A rat (D:2)
159 creatures vanquished.

Vanquished Creatures (others)
  2 killer bees (D:7)
2 creatures vanquished.

Grand Total: 161 creatures vanquished

Notes
Turn   | Place    | Note
-------+----------+-------------------------------------------
     0 | D:1      | Morbidden the Draconian Conjurer began the quest for the
                  | Orb.
     0 | D:1      | Reached XP level 1. HP: 14/14 MP: 3/3
   129 | D:1      | Reached XP level 2. HP: 22/22 MP: 3/5
   917 | D:2      | Reached XP level 3. HP: 27/27 MP: 2/6
  1232 | D:2      | Reached skill level 1 in Fighting
  1234 | D:2      | Reached skill level 1 in Unarmed Combat
  1372 | D:2      | Reached skill level 3 in Spellcasting
  1372 | D:2      | Reached XP level 4. HP: 35/35 MP: 3/8
  1564 | D:2      | Found a sacrificial altar of Ru.
  1634 | D:2      | Found a radiant altar of Vehumet.
  1660 | D:2      | Became a worshipper of Vehumet
  2195 | D:3      | Reached XP level 5. HP: 40/40 MP: 8/10
  2259 | D:3      | Found a sparkling altar of Nemelex Xobeh.
  2267 | D:3      | Found an opulent altar of Gozag.
  2814 | D:3      | Found a shadowy altar of Dithmenos.
  2819 | D:3      | Found a glowing silver altar of Zin.
  2888 | D:3      | Learned a level 3 spell: Iskenderun's Mystic Blast
  2904 | D:4      | Noticed Menkaure
  3018 | D:4      | Found a snail-covered altar of Cheibriados.
  3034 | D:4      | Noticed Sigmund
  3081 | D:4      | Reached skill level 5 in Conjurations
  3311 | D:4      | Reached XP level 6. HP: 38/48 MP: 5/11
  3347 | D:4      | Reached skill level 4 in Spellcasting
  3528 | D:4      | Noticed a sky beast
  3579 | D:4      | Killed a sky beast
  3664 | D:4      | Reached * piety under Vehumet
  3664 | D:4      | Offered knowledge of Shock by Vehumet.
  3676 | D:4      | Your scales start taking on an icy white colour.
  3676 | D:4      | Reached XP level 7. HP: 56/56 MP: 0/13
  3676 | D:4      | Gained mutation: Your flesh is cold resistant. (rC+) [White
                  | Draconian growth]
  3806 | D:4      | Killed Sigmund
  3937 | D:4      | Killed Menkaure
  3937 | D:4      | Reached skill level 5 in Spellcasting
  4077 | D:4      | Learned a level 4 spell: Ice Form
  4128 | D:5      | Entered Level 5 of the Dungeon
  4134 | D:5      | Noticed Eustachio
  4213 | D:5      | Reached skill level 1 in Transmutations
  4374 | D:5      | Reached skill level 1 in Ice Magic
  4374 | D:5      | Reached XP level 8. HP: 51/63 MP: 12/16
  4453 | D:5      | Found Ydwuj's Gadget Boutique.
  4960 | D:5      | Reached skill level 6 in Spellcasting
  5741 | D:5      | Found a glowing golden altar of the Shining One.
  6211 | D:6      | Killed Eustachio
  6487 | D:6      | Reached XP level 9. HP: 72/72 MP: 13/18
  6544 | D:6      | Found a corrupted altar of Lugonu.
  7037 | D:7      | Found a hazy altar of Hepliaklqana.
  7101 | D:7      | Reached skill level 7 in Spellcasting
  7242 | D:7      | Offered knowledge of Freeze by Vehumet.
  7249 | D:7      | Reached ** piety under Vehumet
  7270 | D:7      | HP: 3/87 [centaur (4)]
  7297 | D:7      | Found a white marble altar of Elyvilon.
  7636 | D:7      | Learned a level 1 spell: Freeze
  7830 | D:6      | Reached skill level 5 in Fighting
  8188 | D:7      | Noticed a two-headed ogre
  8203 | D:7      | Killed a two-headed ogre
  8203 | D:7      | Reached skill level 5 in Unarmed Combat
  8203 | D:7      | Reached XP level 10. HP: 15/81 MP: 5/21
  8450 | D:7      | Found a staircase to the Lair.
  8493 | D:7      | Found a burning altar of Makhleb.
  8493 | D:7      | Noticed a balrug
  8546 | D:7      | Found a staircase to the Ecumenical Temple.
  8548 | D:7      | Found a faded altar of an unknown god.
  8631 | D:7      | Found a shimmering blue altar of Sif Muna.
  8704 | D:8      | Noticed Prince Ribbit
  8704 | D:8      | Reached skill level 8 in Spellcasting
  8716 | D:7      | Killed Prince Ribbit
  8790 | D:8      | Slain by a troll

Skill      XL: |  1  2  3  4  5  6  7  8  9 10 |
---------------+-------------------------------+-----
Fighting       | 1 2 3 4 5 |  5.5
Unarmed Combat | 1 2 3 4 5 |  5.3
Spellcasting   | 3 4 5 6 7 8 |  8.0
Dodging        | 2 3 4 |  4.5
Conjurations   | 5 6 7 |  7.1
Transmutations | 1 2 4 |  4.2
Ice Magic      | 1 3 4 |  4.7
Stealth        | |  2.6

Action                   |  1- 3 |  4- 6 |  7- 9 | 10-12 || total
-------------------------+-------+-------+-------+-------++-------
Melee: Unarmed           |    53 |    97 |   188 |    26 ||   364
       Tailslap          |     9 |     7 |    11 |       ||    27
       Punch             |       |     3 |     1 |       ||     4
 Cast: Magic Dart        |    89 |   136 |    92 |     2 ||   319
       Iskenderun's Myst |       |    12 |    91 |     6 ||   109
       Ice Form          |       |       |     4 |     2 ||     6
       Freeze            |       |       |     1 |     2 ||     3
 Abil: Breathe Frost     |       |       |    28 |       ||    28
Evoke: Wand              |       |       |       |     1 ||     1
  Use: Potion            |       |     1 |    11 |       ||    12
       Scroll            |       |       |     2 |       ||     2
 Stab: Sleeping          |       |       |     1 |       ||     1
  Eat: Chunk             |     2 |     9 |    17 |     1 ||    29
       Ration            |       |       |     2 |       ||     2
Armor: Skin              |    25 |    37 |    82 |     9 ||   153
Dodge: Dodged            |    39 |    71 |   211 |    19 ||   340
